Map: Terminal Paladino LE

Players

JeyR - Winner!

  • Race: Terran Terran
  • League: Gold
  • Spawn Location: 9:00

efelinto

  • Race: Protoss Protoss
  • League: Diamond
  • Spawn Location: 5:00

VOD

Have the link to the VOD?

Description

Time

  • Played on: April 23, 2017, 11:50 a.m.
  • Length: 13:48
Show
View Real Time Build Order
Export as new Build Order

JeyR Terran - Winner!

Build Orders: Reaper Expand, Bio Tank 

Get SALT Encoding   

  12  0:01  SCV  
  13  0:13  SCV  
  14  0:19  Supply Depot  
  14  0:25  SCV  
  15  0:29  Refinery  
  15  0:40  SCV  
  16  0:47  Barracks  
  16  0:52  SCV  
  17  1:35  Reaper  
  18  1:41  Command Center  
  18  1:48  Orbital Command  
  18  2:03  Factory  
  18  2:10  Refinery  
  18  2:17  Barracks Tech Lab  
  18  2:26  SCV  
  19  2:38  SCV  
  19  2:39  Stimpack  
  20  2:50  SCV  
  21  2:53  Orbital Command  
  21  2:58  Marauder  
  23  3:03  Factory Tech Lab  
  23  3:05  SCV  
  24  3:19  Marine  
  25  3:22  SCV  
  25  3:24  Barracks  
  26  3:31  Siege Tank  
  29  3:36  SCV  
  29  3:39  SCV  
  31  3:41  Marine  
  32  3:50  Barracks  
  32  3:59  Marine  
  33  4:11  Siege Tank  
  36  4:17  Marine  
  37  4:35  Marine  
  37  4:38  Barracks Reactor x2  
  38  4:43  Combat Shields  
  38  4:51  Supply Depot  
  38  4:52  Supply Depot  
  38  4:57  Refinery  
  38  4:59  Refinery  
  38  5:06  Command Center  
  38  5:13  Siege Tank  
  41  5:17  Marine  
  41  5:20  SCV  
  43  5:22  SCV  
  44  5:32  Marine  
  44  5:33  Marine  
  46  5:36  Marine x3  
  49  5:44  Supply Depot  
  49  5:50  Siege Tank, Marine x2  
  54  6:08  Marauder  
  54  6:10  Concussive Shells  
  56  6:14  Marine  
  57  6:22  Siege Tank  
  60  6:27  Marine x2  
  60  6:29  Marauder  
  60  6:30  SCV x2  
  66  6:41  Supply Depot  
  66  6:42  SCV  
  66  6:45  Engineering Bay  
  67  6:50  Marine x4  
  71  6:54  SCV  
  71  6:55  Siege Tank, SCV  
  75  7:12  Marine  
  75  7:13  Marine x4  
  75  7:14  Planetary Fortress  
  80  7:24  SCV x2  
  80  7:27  Siege Tank  
  85  7:50  Bunker  
  85  7:52  Bunker, SCV  
  85  7:53  Marine  
  85  7:54  SCV  
  85  8:02  Marine  
  85  8:03  Marine  
  85  8:04  Marine  
  85  8:05  Marine  
  85  8:07  Missile Turret  
  85  8:11  Siege Tank  
  79  8:39  Marine  
  79  8:40  Marine x4  
  69  8:55  SCV  
  69  8:57  Marine x3  
  72  9:07  SCV x3  
  75  9:14  Missile Turret  
  75  9:19  SCV  
  75  9:21  Marine x2  
  75  9:22  Marine x3  
  81  9:32  SCV  
  82  9:39  Marine x3  
  82  9:44  SCV  
  59  10:01  Marine x5  
  67  10:07  Widow Mine  
  67  10:11  SCV  
  67  10:19  Marine x5  
  72  10:23  SCV  
  72  10:28  SCV x2  
  75  10:30  Refinery  
  75  10:31  Terran Infantry Weapons Level 1  
  75  10:32  Engineering Bay  
  75  10:35  Refinery, SCV  
  76  10:38  Widow Mine  
  76  10:40  SCV  
  76  10:42  Marine x3  
  80  10:43  Marine x2  
  80  10:47  SCV  
  85  11:03  Missile Turret  
  85  11:06  Missile Turret  
  85  11:08  Missile Turret  
  85  11:19  Missile Turret  
  85  11:25  Marine  
  85  11:38  Terran Infantry Armor Level 1  
  85  11:39  Supply Depot  
  85  11:41  Supply Depot  
  85  11:47  Widow Mine, Marine x5, SCV  
  93  11:54  SCV x2  
  95  12:05  Marine x5  
  95  12:06  SCV  
  101  12:12  Command Center  
  101  12:16  Siege Tank  
  104  12:23  Marine x4  
  107  12:35  Marine  
  108  12:41  Marine x4  
  112  12:48  Widow Mine  
  114  12:53  Marine  
  115  12:58  Marine x2  
  117  13:07  Supply Depot  
  117  13:09  Supply Depot  
  117  13:12  Starport  
  117  13:13  Starport  
  117  13:14  Starport  
  117  13:23  Marine x5  
Show
View Real Time Build Order
Export as new Build Order

efelinto Protoss 

Build Orders:  

Get SALT Encoding   

  12  0:02  Probe (Chrono Boost)  
  13  0:12  Probe (Chrono Boost)  
  14  0:19  Pylon  
  14  0:34  Probe (Chrono Boost)  
  15  0:38  Gateway  
  15  0:45  Probe (Chrono Boost)  
  16  0:51  Assimilator  
  16  0:55  Assimilator  
  16  0:57  Probe (Chrono Boost)  
  17  1:08  Probe (Chrono Boost)  
  18  1:18  Probe (Chrono Boost)  
  18  1:24  Pylon  
  19  1:28  Cybernetics Core  
  19  1:32  Probe (Chrono Boost)  
  20  1:42  Probe (Chrono Boost)  
  21  1:53  Probe (Chrono Boost)  
  22  2:00  Warp Gate  
  22  2:04  Probe (Chrono Boost)  
  22  2:08  Stalker  
  24  2:19  Probe (Chrono Boost)  
  25  2:33  Mothership Core (Chrono Boost)  
  27  2:37  Gateway  
  27  2:39  Gateway  
  27  2:43  Cybernetics Core  
  27  2:47  Cybernetics Core  
  27  2:50  Gateway  
  27  3:01  Probe (Chrono Boost)  
  27  3:02  Pylon  
  28  3:30  Nexus  
  28  4:02  Sentry  
  30  4:03  Sentry x3  
  36  4:10  Stargate  
  36  4:35  Forge  
  36  4:37  Zealot  
  38  4:43  Pylon  
  38  4:45  Pylon  
  38  4:46  Pylon  
  38  4:51  Probe (Chrono Boost)  
  40  4:53  Probe (Chrono Boost)  
  40  4:58  Sentry  
  40  4:59  Stalker  
  44  5:00  Zealot  
  44  5:02  Probe (Chrono Boost)  
  44  5:05  Probe (Chrono Boost)  
  48  5:11  Twilight Council  
  48  5:17  Pylon  
  48  5:23  Pylon  
  48  5:28  Probe x2 (Chrono Boost)  
  50  5:35  Photon Cannon  
  50  5:44  Photon Cannon  
  51  5:57  Probe (Chrono Boost)  
  51  5:58  Probe (Chrono Boost)  
  51  6:02  Photon Cannon  
  52  6:08  Probe (Chrono Boost)  
  52  6:09  Zealot  
  52  6:10  Zealot  
  52  6:11  Probe (Chrono Boost)  
  58  6:25  Photon Cannon  
  58  6:28  Assimilator  
  58  6:29  Assimilator  
  58  6:30  Charge  
  58  6:32  Oracle  
  61  7:01  Probe (Chrono Boost)  
  63  7:02  Probe (Chrono Boost)  
  63  7:05  Pylon  
  63  7:11  Probe (Chrono Boost)  
  63  7:12  Zealot x4  
  72  7:22  Oracle  
  75  7:45  Gateway x2  
  75  7:49  Gateway  
  75  7:51  Gateway  
  75  8:18  Zealot x3  
  75  8:19  Zealot  
  52  8:45  Zealot x2  
  52  8:46  Zealot x2  
  48  8:52  Dark Shrine  
  44  9:01  Zealot  
  44  9:02  Zealot x3  
  48  9:13  Zealot x4  
  56  9:21  Zealot  
  58  9:24  Zealot  
  43  10:04  Dark Templar  
  43  10:05  Dark Templar x2  
  49  10:47  Nexus  
  49  10:55  Zealot  
  51  11:38  Nexus  
  51  11:49  Zealot  
  51  11:50  Sentry  
  55  11:56  Sentry  
  57  12:05  Probe (Chrono Boost)  
  58  12:34  Probe (Chrono Boost)  
  58  12:35  Probe (Chrono Boost)  
  60  12:37  Zealot  
  60  12:43  Dark Templar  
  64  12:47  Probe (Chrono Boost)  
  64  12:48  Dark Templar  
  67  12:56  Probe (Chrono Boost)  
  67  12:57  Probe (Chrono Boost)  
  70  12:59  Probe (Chrono Boost)  
  70  13:07  Probe (Chrono Boost)  
  70  13:08  Assimilator  
  70  13:11  Assimilator  
  71  13:15  Adept x2  
  75  13:24  Probe x2 (Chrono Boost)  
  75  13:25  Probe (Chrono Boost)  
Tags
 
Add a new tag
Caveats
  • Supply blocks, unpowered buildings, or Contaminate may cause inaccurate times.
  • Supply counts are checked every 10 seconds.